Unix NetHack Version 5.0.0-0 post-release - last build May  4 2026 22:22:43 (774f63e81ad911689b3a0859ea89b322d5daca8d,branch:main).

Game began 2026-05-10 15:57:18, ended 2026-05-10 23:08:47.

Hellbent, lawful female dwarven Valkyrie

                               -------     -------
                               |>.|..|   --|.....|
                               |.....|   |.-.p...|
                              ---.--.|   |-|E...@|--
                           ----....|.--  |.-..roxC)|
                           |..@....|..-- |-|..f$:|)|
                           |....---|...| |?-....e|&|
                           |....|..|...| --|.rY.f|a|
                           |.......|...|   ------|@|
                          --`p..|....:.--        |.|
                          |`....|..|...:|        |.|
                          |.%...|--|....|        |.|
                          |..|.--  --...|        |.|
                          ----.|    -----        |.|
                            |..-------------------.|
                            |(.^...................|
                            ------------------------

Hellbent the Fighter        St:18/08 Dx:12 Co:17 In:7 Wi:10 Ch:8  Lawful
Dlvl:4  $:169 HP:0(79) Pw:26(26) AC:0  Xp:9 T:11828  Satiated Burdened Blind

Latest messages:
 In what direction? k
 The orcish dagger hits the ochre jelly.
 What do you want to throw? [$agGINR or ?*] R
 In what direction? k
 The orcish dagger hits the ochre jelly!
 What do you want to throw? [$agGIN or ?*] g
 In what direction? k
 The orcish dagger hits the ochre jelly!
 What do you want to throw? [$aGIN or ?*] N
 In what direction? k
 You kill the ochre jelly!
 The Woodland-elf shoots 2 elven arrows!
 The 1st elven arrow misses it.
 The 1st elven arrow misses you.
 The 2nd elven arrow misses it.
 The 2nd elven arrow misses you.
 The soldier ant bites!
 The soldier ant stings!
 You begin bashing monsters with your gloved hands.
 You hit the soldier ant.
 The soldier ant bites!
 The soldier ant stings!
 The soldier ant bites!
 The soldier ant stings!
 You hear some noises.
 You hear some noises in the distance.
 What do you want to write with? [- abehmnq-szAGINOVWZ or ?*] -
 You write in the dust with your fingertip.
 What do you want to write in the dust here? Elbereth
 The soldier ant turns to flee.
 Something is written here in the dust.
 You read: "Elbereth".
 You see no objects here.
 The succubus picks up an ochre jelly corpse.
 What do you want to use or apply? [efjkmnrsuAJLTVXZ or ?*] f
 You are now wearing a blindfold.
 You can't see any more.
 A Woodland-elf suddenly appears!
 Pick a monster, object or location.
 Your master mind flayer turns into a giant rat!
 The soldier ant bites!
 The soldier ant stings!
 The soldier ant bites!
 The soldier ant stings!
 You die...
 Do you want your possessions identified? [ynq] (y) y
 Do you want to see your attributes? [ynq] (y) n
 Do you want an account of creatures vanquished? [ynaq] (y) n
 Do you want to see your conduct and achievements? [ynq] (y) y
 Do you want to see the dungeon overview? [ynq] (y) y

Inventory:
 Coins    ('$')
  $ - 169 gold pieces
 Weapons  (')')
  G - 6 +0 daggers
  a - a blessed +1 dwarvish spear
  I - a +0 elven spear
  N - a +0 orcish dagger
 Armor    ('[')
  v - an uncursed rusty +0 orcish helm (being worn)
  C - an uncursed +0 pair of leather gloves (being worn)
  c - an uncursed +3 small shield (being worn)
  Y - an uncursed +0 alchemy smock with text "I'm making SCIENCE!" (being worn)
  i - an uncursed +0 leather cloak
  D - a blessed +0 scale mail (being worn)
 Comestibles  ('%')
  d - 2 uncursed food rations
  y - an uncursed tripe ration
  Q - 2 uncursed lizard corpses
 Scrolls  ('?')
  U - a cursed scroll of teleportation
 Rings    ('=')
  W - an uncursed ring of cold resistance
  O - an uncursed ring of conflict
  b - a cursed -3 ring of gain strength
  z - a cursed ring of hunger
  h - an uncursed ring of slow digestion
 Wands    ('/')
  n - a wand of cancellation (0:4)
  m - a wand of light (0:12)
  V - a wand of magic missile (0:6)
  r - a wand of make invisible (0:1)
  e - a wand of opening (0:6)
  s - a wand of polymorph (0:1)
  A - a wand of secret door detection (0:12)
  Z - a wand of sleep (0:6)
 Tools    ('(')
  j - a drum of earthquake (0:7)
  f - an uncursed blindfold (being worn)
  X - an expensive camera (0:43)
  u - an uncursed mirror
  T - an uncursed mirror
  J - an uncursed oil lamp
  k - an uncursed skeleton key
  L - a tinning kit (0:40)
 Gems/Stones  ('*')
  q - 7 uncursed rocks

Hellbent the Valkyrie's attributes:

Background:
 You were a Fighter, a level 9 dwarven Valkyrie.
 You were lawful, on a mission for Tyr
 who was opposed by Odin (neutral) and Loki (chaotic).
 You were right-handed.
 You were in Sokoban, on level 4.
 You entered the dungeon 11828 turns ago.
 It was nighttime.
 You had 2961 experience points, 2159 more were needed to attain level 10.

Basics:
 You had 0 out of 79 hit points.
 You had all 26 energy points (spell power).
 Your armor class was 0.
 Your wallet contained 169 zorkmids.
 Autopickup was off.

Final Characteristics:
 Your strength was 18/08 (limit:18/100).
 Your dexterity was 12 (base:13, limit:20).
 Your constitution was 17 (limit:20).
 Your intelligence was 7 (limit:16).
 Your wisdom was 10 (limit:16).
 Your charisma was 8 (limit:16).

Final Status:
 You were deliberately blind.
 You had wounded legs.
 You were satiated.
 You were burdened; movement was slightly slowed.
 You were empty handed.
 You were unskilled in bare handed combat.

Final Attributes:
 You were piously aligned.
 You were cold resistant.
 You were poison resistant.
 You were acid resistant.
 Your items were protected from acid.
 You were telepathic.
 You had infravision.
 You were stealthy.
 You were warded.
 You were fast.
 You are dead.

Miscellaneous:
 You didn't encounter any bones levels.
 Total elapsed playing time was 1 hour, 56 minutes and 44 seconds.

Major events:
 Turn
    1: Hellbent the lawful dwarven Valkyrie entered the dungeon
  843: entered the Gnomish Mines
 1424: attained the rank of Skirmisher (level 3)
 3416: attained the rank of Fighter (level 6)
 5338: reached Mine Town
 8727: entered Sokoban
 9225: completed 1st Sokoban level
 9840: completed 2nd Sokoban level
10480: completed 3rd Sokoban level
11605: completed 4th Sokoban level
11828: killed by a soldier ant

You didn't know any spells.

Skills:
 Fighting Skills
   bare handed combat [Unskilled]
   two weapon combat  [Unskilled]
   riding             [Unskilled]
 Weapon Skills
   dagger             [Basic]
   axe                [Unskilled]
   pick-axe           [Unskilled]
   short sword        [Unskilled]
   broadsword         [Unskilled]
   long sword         [Unskilled]
   two-handed sword   [Unskilled]
   saber              [Unskilled]
   hammer             [Unskilled]
   quarterstaff       [Unskilled]
   polearms           [Unskilled]
   spear              [Skilled]
   trident            [Unskilled]
   lance              [Unskilled]
   sling              [Unskilled]
 Spellcasting Skills
   attack spells      [Unskilled]
   escape spells      [Unskilled]

Voluntary challenges:
 Character rerolling was not enabled.
 You never genocided any monsters.
 You never changed form.
 You used no wishes.
 You did not violate any of the special Sokoban rules.
Achievements:
 You entered the Gnomish Mines.
 You attained the rank of Skirmisher.
 You entered a shop.
 You attained the rank of Fighter.
 You entered Minetown.
 You entered a temple.
 You entered Sokoban.

 The Dungeons of Doom: levels 1 to 9
    Level 1:
       A fountain, many trees.
    Level 2:
       A fountain.
       Stairs down to The Gnomish Mines.
    Level 3:
    Level 4:
       A general store, a sink.
    Level 5:
       A fountain.
    Level 6:
       A general store, an altar to Tyr, some fountains.
    Level 7:
       Many fountains.
    Level 8:
       A potion shop, an altar, a fountain, a grave.
       Stairs up to Sokoban, level 7.
    Level 9:
 The Gnomish Mines: levels 3 to 7
    Level 3:
    Level 4:
    Level 5:
    Level 6:
       Many shops, a temple and an altar to Tyr, some fountains.
    Level 7:
 Sokoban: levels 7 up to 4
    Level 4: <- You were here.
       Solved.
       Final resting place for
          you, killed by a soldier ant.
    Level 5:
       Solved.
    Level 6:
       Solved.
    Level 7:
       Solved.


Vanquished creatures:
  2 giant mimics
  a large mimic
  a wumpus
  a stalker
 an earth elemental
  a giant zombie
  2 small mimics
 an ettin mummy
  a sasquatch
  a wood golem
  a pyrolisk
  a large cat
  2 ochre jellies
 an elf mummy
  a human mummy
  a leather golem
  a Grey-elf
  2 chameleons
  a giant beetle
  3 cockatrices
  5 wolves
  a panther
  a gremlin
  a leprechaun
  a horse
  2 vampire bats
  a gnome ruler
  a brown pudding
  a yeti
  3 lizards
  a dingo
  a dog
  a plains centaur
  2 snakes
  5 human zombies
  a rope golem
  2 fire ants
  a bugbear
  3 imps
  a quasit
  4 wood nymphs
  2 water nymphs
  3 rock piercers
  2 rock moles
  3 ponies
  4 fog clouds
  2 yellow lights
  a violet fungus
  2 gnome leaders
  a golden naga hatchling
  a gray ooze
  3 elf zombies
  3 giant ants
  8 floating eyes
  a kitten
  2 homunculi
  a kobold leader
  a kobold shaman
  8 hill orcs
 10 rothes
  3 rabid rats
  a centipede
  3 giant bats
  a monkey
  2 orc zombies
  4 dwarf zombies
  3 werejackals
  4 iguanas
 12 killer bees
  3 acid blobs
  a gas spore
  3 hobbits
  2 hobgoblins
  7 giant rats
  4 cave spiders
  2 yellow molds
  a red mold
 19 gnomes
  5 gnome zombies
  8 geckos
  7 jackals
  2 foxes
  2 kobolds
  4 goblins
  3 sewer rats
  3 grid bugs
  2 bats
  9 lichens
  a kobold zombie
  9 newts
253 creatures vanquished.

No species were genocided or became extinct.

Game over:
                       ----------
                      /          \
                     /    REST    \
                    /      IN      \
                   /     PEACE      \
                  /                  \
                  |     Hellbent     |
                  |      169 Au      |
                  |   killed by a    |
                  |   soldier ant    |
                  |                  |
                  |                  |
                  |       2026       |
                 *|     *  *  *      | *
        _________)/\\_//(\/(/\)/\//\/|_)_______

Farvel Hellbent the Valkyrie...

You died in Sokoban on dungeon level 4 with 12457 points,
and 169 pieces of gold, after 11828 moves.
You were level 9 with a maximum of 79 hit points when you died.

